 Dungeon Crawl Stone Soup version 0.29.1-1-gd02db6906a (webtiles) character file.

Game seed: 13683122576739285526

21 Zeld the Chopper (level 2, 0/27 HPs)
             Began as a Minotaur Berserker on Oct 9, 2022.
             Was a Follower of Trog.
             Succumbed to a kobold's poison
             ... on level 1 of the Dungeon.
             The game lasted 00:00:47 (529 turns).

Zeld the Chopper (Minotaur Berserker)                Turns: 529, Time: 00:00:48

Health: 0/27       AC: 11    Str: 21    XL:     2   Next: 62%
Magic:  1/1        EV:  6    Int:  4    God:    Trog [*.....]
Gold:   20         SH:  0    Dex:  9    Spells: 1/1 levels left

rFire   . . .      SeeInvis .   a - +0 hand axe
rCold   . . .      Faith    .   (no shield)
rNeg    . . .      Spirit   .   b - +0 plate armour
rPois   .          Reflect  .   (helmet restricted)
rElec   .          Harm     .   (no cloak)
rCorr   .          Rampage  .   (no gloves)
Will    .....                   (no boots)
Stlth   ..........              (no amulet)
HPRegen 0.09/turn               (no ring)
MPRegen 0.07/turn               (no ring)

@: lethally poisoned (0 -> -5), on berserk cooldown, hasted and slowed
A: horns 2, retaliatory headbutt
a: Renounce Religion, Berserk


You were on level 1 of the Dungeon.
You worshipped Trog.
Trog was aware of your devotion.
You visited 1 branch of the dungeon, and saw 1 of its levels.

You collected 20 gold pieces.

Inventory:

Hand Weapons
 a - a +0 hand axe (weapon)
Armour
 b - a +0 plate armour (worn)
Jewellery
 h - a ring of fire
Scrolls
 c - a scroll of enchant armour {unknown}
 d - a scroll of poison {unknown}
 f - a scroll of blinking {unknown}
 g - 2 scrolls of butterflies {unknown}


   Skills:
 + Level 3.9 Fighting
 * Level 4.1 Axes
 + Level 2.8 Armour
 + Level 2.5 Dodging


You had one spell level left.
You didn't know any spells.
Your spell library was empty.

Dungeon Overview and Level Annotations

Branches:
Dungeon (1/15)

Altars:


Innate Abilities, Weirdness & Mutations

You have a pair of horns on your head.
You reflexively headbutt those who attack you in melee.


Message History

The kobold hits you with a +0 short sword of venom.
You are more poisoned.
You miss the kobold.
The kobold is heavily wounded.
You hit the frilled lizard.
You kill the frilled lizard!
Trog accepts your kill.
You feel very sick.
The kobold hits you with a +0 short sword of venom.
You are lethally poisoned!
Okay, then.
A red film seems to cover your vision as you go berserk!
You feel yourself moving faster!
You feel mighty!
You feel very sick. The kobold closely misses you.
You slash the kobold!
You kill the kobold!
Trog accepts your kill.
You feel very sick.
Unknown command.
There is a lethal amount of poison in your body!
There is a lethal amount of poison in your body!
You feel sick.
You feel a strong urge to attack something.
* * * LOW HITPOINT WARNING * * *
You feel sick.
* * * LOW HITPOINT WARNING * * *
You feel sick.
You feel your anger nearly subside.
You are no longer berserk.
You are exhausted.
You feel yourself slow down.
* * * LOW HITPOINT WARNING * * *
You feel sick.
Okay, then.
It was a potion of haste.
You feel yourself speed up.
* * * LOW HITPOINT WARNING * * *
You feel sick.
* * * LOW HITPOINT WARNING * * *
You feel sick.
You die...

## #### #. ..# #. #.#
#########
#.#########.#########........
................@.........#
....)....##.#.##.####.###.#
+#+#+#+#.##^#.##.# #)#
#......##.# #.# ###..#.####.#
... #.#..#.####.# #.#
+#+#+#†#......##.. ...
............#.#### #..
#.....#...### ###


There were no monsters in sight!

Vanquished Creatures
  3 endoplasms (D:1)
  A hobgoblin (D:1)
  3 jackals (D:1)
  4 kobolds (D:1)
  2 ball pythons (D:1)
  2 bats (D:1)
  2 frilled lizards (D:1)
  2 goblins (D:1)
  A rat (D:1)
20 creatures vanquished.

Notes
Turn   | Place    | Note
-------+----------+-------------------------------------------
     0 | D:1      | Zeld the Minotaur Berserker began the quest for the Orb.
     0 | D:1      | Reached XP level 1. HP: 19/19 MP: 0/0
   286 | D:1      | Reached XP level 2. HP: 21/27 MP: 1/1
   420 | D:1      | Reached skill level 4 in Axes
   528 | D:1      | HP: 1/27 [poisoned by a kobold]
   529 | D:1      | Succumbed to a kobold's poison

Illustrated notes

Levels and vault maps discovered:
D:1:      kennysheep_arrival_forest, layout_loops_ring, serial_shops,
          nicolae_shop_trees, ebering_ecumenical_altar_webs,
          minmay_rat_gold_closets

Skill      XL: |  1  2 |
---------------+-------+-----
Axes           | 4 |  4.1
Fighting       | |  3.9
Armour         | |  2.8
Dodging        | |  2.5

Action                   || total
-------------------------++-------
Melee: Hand axe          ||    47
       Headbutt          ||     1
       Punch             ||     1
Invok: Berserk           ||     1
  Use: Potion            ||     1
Armor: Plate armour      ||    30
       Animal skin       ||     1
Dodge: Dodged            ||    16
